 Dungeon Crawl Stone Soup version 0.31.0-12-g77e489cdc1 (webtiles) character file.

Game seed: 17517436600893466451

620 Arctor the Digger (level 7, -2/40 HPs)
             Began as a Gargoyle Earth Elementalist on Feb 22, 2024.
             Slain by an orc
             ... wielding a +0 mace
              (5 damage)
             ... on level 5 of the Dungeon.
             The game lasted 00:03:42 (4030 turns).

Arctor the Digger (Gargoyle Earth Elementalist)     Turns: 4030, Time: 00:03:42

Health: -2/40      AC:  7    Str: 11    XL:     7   Next: 46%
Magic:  2/12       EV: 12    Int: 18    God:
Gold:   178        SH:  0    Dex: 10    Spells: 11/12 levels left

rFire   . . .        e - +0 dagger (venom)
rCold   . . .        (no shield)
rNeg    + . .        a - +0 robe
rPois   ∞            (no helmet)
rElec   +            n - +0 cloak
rCorr   .            (no gloves)
SInv    .            (no boots)
Will    .....        (no amulet)
Stlth   ++           (no ring)
HPRegen 0.26/turn    (no ring)
MPRegen 0.13/turn

%: no passive effects
@: very slightly contaminated
A: sickness immunity, AC +4, negative energy resistance 1, electricity
resistance, torment resistance 1, petrification resistance
a: no special abilities


You were on level 5 of the Dungeon.
You visited 1 branch of the dungeon, and saw 5 of its levels.

You collected 178 gold pieces.

Inventory:

Hand Weapons
 e - a +0 dagger of venom (weapon)
 o - a +2 dagger of protection
Armour
 a - a +0 robe (worn)
 n - a +0 cloak (worn)
Jewellery
 f - a ring of fire
Scrolls
 g - a scroll of revelation {unknown}
 j - a scroll of torment
 k - a scroll of fog
 m - a scroll of enchant armour
 p - a scroll of poison {unknown}
 q - 2 scrolls of identify
 r - a scroll of amnesia {unknown}
 s - a scroll of enchant weapon {unknown}
Potions
 b - a potion of magic
 c - 4 potions of haste {unknown}
 d - 2 potions of brilliance {unknown}
 h - 2 potions of heal wounds {unknown}
 i - 2 potions of attraction {unknown}
 l - a potion of curing {unknown}


   Skills:
 - Level 2.2 Fighting
 + Level 3.0 Dodging
 + Level 4.1 Stealth
 + Level 3.4 Spellcasting
 + Level 3.3 Conjurations
 * Level 6.1 Earth Magic


You had 11 spell levels left.
You knew the following spells:

 Your Spells              Type           Power      Damage    Failure   Level
a - Sandblast             Erth           50%        2d12      1%          1

Your spell library contained the following spells:

 Spells                   Type           Power      Damage    Failure   Level
 Passwall                 Erth           25%        N/A       3%          3
 Stone Arrow              Conj/Erth      40%        3d9       7%          3
 Brom's Barrelling Bould  Conj/Erth      20%        2d4       22%         4
 Call Imp                 Summ           6%         N/A       24%         2
 Petrify                  Alch/Erth      14%        N/A       41%         4
 Vampiric Draining        Necr           3%         2d6       43%         3
 Borgnjor's Vile Clutch   Necr/Erth      7%         N/A       77%         5
 Martyr's Knell           Necr/Summ      3%         N/A       83%         4
 Summon Hydra             Summ           1%         N/A       100%        7
 Sublimation of Blood     Necr           Unusable   N/A       N/A         2

Dungeon Overview and Level Annotations

Branches:
Dungeon (5/15)
 Temple: D:4-7

Altars:


Innate Abilities, Weirdness & Mutations

You are immune to sickness and miasma.
Your stone body is resilient. (AC +4)
You are immune to poison.
You resist negative energy. (rN+)
You are resistant to electric shocks. (rElec)
You are resistant to unholy torment.
You are immune to petrification.


Message History

The orc wizard points at you and mumbles some strange words.
The magic dart hits you!
You hit the orc wizard but do no damage.
The orc hits you with a +0 morningstar!
* * * LOW HITPOINT WARNING * * *
The orc wizard casts a spell.
The orc wizard flickers and vanishes!
Deactivating autopickup; reactivate with Ctrl-A.
Something hits you but does no damage. The orc closely misses you.
Items here: ( ) [ †.
Casting: Sandblast (safe; 1% risk of failure)
Confirm with . or Enter, or press ? or * to list all spells.
Aiming: Sandblast (safe; 1% risk of failure)
Press: ? - help, Shift-Dir - straight line, f - orc
Aim: an orc, wielding a +0 morningstar and wearing a +0 leather armour (83% to hit)
The blast of sand hits the orc!
You kill the orc!
The orc hits you with a +0 mace.
* * * LOW HITPOINT WARNING * * *
Something hits you but does no damage. The orc attacks as it pursues you!
The orc hits you with a +0 mace.
* * * LOW HITPOINT WARNING * * *
Casting: Sandblast (safe; 1% risk of failure)
Confirm with . or Enter, or press ? or * to list all spells.
Aiming: Sandblast (safe; 1% risk of failure)
Press: ? - help, Shift-Dir - straight line, f - orc
Aim: an orc, wielding a +0 mace and wearing a +0 ring mail (85% to hit)
You miscast Sandblast.
You are very lightly contaminated with residual magic.
Nothing appears to happen.
The orc hits you with a +0 mace.
* * * LOW HITPOINT WARNING * * *
Casting: Sandblast (safe; 1% risk of failure)
Confirm with . or Enter, or press ? or * to list all spells.
Aiming: Sandblast (safe; 1% risk of failure)
Press: ? - help, Shift-Dir - straight line, f/p - orc
Aim: an orc, wielding a +0 mace and wearing a +0 ring mail (85% to hit)
The blast of sand hits the orc but does no damage.
The orc hits you with a +0 mace.
You die...

######... .....##.#
#...#.# #.(...#####..
#....<.......
#.....#...... ###
####...#.# .....
########..##........#.
....
.........)@o{.)........
...
....##..###).†.....##..
.. #......####......... .
. #.#...##.[......#...
######...................
..?........?..###.....##.
..................##....
.......<....#?......#...
..............####....#


You could see an orc.

Vanquished Creatures
  A black bear (D:5)
  An ogre (D:4)
  A phantom (D:5)
  A scorpion (D:4)
  A howler monkey (D:5)
  A bombardier beetle (D:3)
  An orc priest (D:5)
  2 iguanas (D:4)
  2 sleepcaps
  2 adders
  3 ribbon worms
  5 orcs
  3 bats
  10 endoplasms
  6 giant cockroaches
  7 goblins
  8 hobgoblins
  9 jackals
  3 quokkas
  5 ball pythons
  5 frilled lizards
  6 kobolds
  3 rats
86 creatures vanquished.

Notes
Turn   | Place    | Note
-------+----------+-------------------------------------------
     0 | D:1      | Arctor the Gargoyle Earth Elementalist began the quest for
                  | the Orb.
     0 | D:1      | Reached XP level 1. HP: 10/10 MP: 3/3
   254 | D:1      | Reached XP level 2. HP: 15/15 MP: 1/5
   425 | D:1      | Got Erer Mot's Compendium of Unhallowed Magic
   565 | D:1      | Reached XP level 3. HP: 19/19 MP: 6/6
  1307 | D:2      | Reached skill level 4 in Earth Magic
  1459 | D:2      | Found a faded altar of an unknown god.
  1459 | D:2      | Noticed a glass eye
  1502 | D:2      | Noticed a shining eye
  1505 | D:2      | Noticed a golden eye
  1505 | D:2      | Noticed an eye of devastation
  1996 | D:3      | Reached skill level 1 in Fighting
  1996 | D:3      | Reached XP level 4. HP: 25/25 MP: 3/7
  2152 | D:3      | Identified the +8 chain mail "Xunim" {-Tele Rampage Will-
                  | Regen+}
  2711 | D:4      | Noticed a scorpion
  2714 | D:4      | Killed a scorpion
  2715 | D:4      | Reached XP level 5. HP: 28/29 MP: 4/9
  2879 | D:4      | Reached skill level 5 in Earth Magic
  2879 | D:4      | Reached XP level 6. HP: 30/35 MP: 2/10
  3753 | D:5      | Entered Level 5 of the Dungeon
  3769 | D:5      | Reached XP level 7. HP: 35/40 MP: 4/11
  4001 | D:5      | Reached skill level 6 in Earth Magic
  4030 | D:5      | Slain by an orc

Illustrated notes

Levels and vault maps discovered:
D:1:      dpeg_arrival_water_fire, layout_rooms, chequers_serial_rivers_small_b,
          minmay_shallow_snake_nest
D:2:      layout_loops_ring, hellmonk_ecumenical_altar_watching_god
D:3:      layout_basic
D:4:      layout_basic, minmay_temple_entry_enclosed_plants, serial_bayou,
          serial_bayou_pond_c, serial_bayou_lagoon_a, serial_bayou_shore_b,
          serial_bayou_pond_b, serial_bayou_ford_a, serial_bayou_shore_b
D:5:      layout_rooms, serial_aquarium, aquarium_bridge_square
          [aquarium_subvault_bridge, aquarium_subvault_wall,
          aquarium_subvault_wall, aquarium_subvault_bridge],
          aquarium_bridge_square [aquarium_subvault_bridge,
          aquarium_subvault_bridge, aquarium_subvault_wall,
          aquarium_subvault_wall], aquarium_window_2,
          aquarium_window_corridor_3, aquarium_view_2e, aquarium_balcony_3a

Skill      XL: |  1  2  3  4  5  6  7 |
---------------+----------------------+-----
Earth Magic    | 4 5 6 |  6.1
Dodging        | 2 3 |  3.0
Fighting       | 1 2 |  2.2
Stealth        | 3 4 |  4.1
Conjurations   | 2 3 |  3.3
Spellcasting   | 3 |  3.4

Action                     |  1- 3 |  4- 6 |  7- 9 || total
---------------------------+-------+-------+-------++-------
  Melee: Unarmed           |     1 |       |       ||     1
         Dagger            |    37 |    54 |    17 ||   108
         Punch             |     1 |       |       ||     1
   Cast: Sandblast         |    42 |    62 |    16 ||   120
    Use: Scroll            |     3 |       |       ||     3
         Potion            |     1 |       |       ||     1
   Stab: Sleeping          |     1 |     1 |       ||     2
 Armour: Robe              |    24 |    56 |    25 ||   105
  Dodge: Dodged            |    36 |    64 |    23 ||   123
